 Dungeon Crawl Stone Soup version 0.22-a0-833-g8522bf8125 (webtiles) character file.

1346 Holzbalken the Basher (level 8, -1/69 HPs)
             Began as a Gargoyle Monk on July 25, 2018.
             Was a Priest of Okawaru.
             Slain by a hornet (7 damage)
             ... on level 6 of the Dungeon.
             The game lasted 00:18:37 (5934 turns).

Holzbalken the Basher (Gargoyle Monk)               Turns: 5934, Time: 00:18:37

Health: -1/69      AC: 24    Str: 21    XL:     8   Next: 62%
Magic:  8/8        EV:  2    Int: 12    God:    Okawaru [***...]
Gold:   284        SH:  0    Dex: 16    Spells: 7/7 levels left

rFire    + . .     SeeInvis .   a - +1 mace
rCold    . . .     Gourm    .   (no shield)
rNeg     + + +     Faith    .   (armour currently unavailable)
rPois    ∞         Spirit   .   (helmet currently unavailable)
rElec    .         Reflect  .   (cloak currently unavailable)
rCorr    .         Harm     +   (gloves currently unavailable)
MR       +....     NoTele   +   (boots currently unavailable)
Stlth    ++........             i - amulet "Gulodu" {Harm *Drain rF+ rN+ Str+5 Dex+4}
HPRegen  0.21/turn              (no ring)
MPRegen  0.11/turn              (no ring)

@: tree-form
A: magic resistance 1, negative energy resistance 1, petrification resistance,
no potion heal 1, rot immunity, AC +5
a: Heroism, Renounce Religion


You were on level 6 of the Dungeon.
You worshipped Okawaru.
Okawaru was most pleased with you.
You were not hungry.
You were a tree.
You visited 1 branch of the dungeon, and saw 6 of its levels.

You collected 284 gold pieces.

Inventory:

Hand Weapons
 a - a +1 mace (weapon)
 b - the +2 falchion "Nuzap" {slice, rElec rF+ Dex+3}
   (You took it off a gnoll shaman on level 4 of the Dungeon)

   It inflicts extra damage upon your enemies.
   It affects your dexterity (+3).
   It protects you from fire.
   It insulates you from electricity.
 g - a +0 flail
Armour
 d - a +0 robe
 f - a +1 leather armour
 m - a +0 cloak (melded)
 n - a +0 chain mail (melded)
Jewellery
 i - the amulet "Gulodu" (around neck) {Harm *Drain rF+ rN+ Str+5 Dex+4}
   (You found it on level 4 of the Dungeon)

   [amulet of harm]

   It increases damage dealt and taken.
   It affects your strength (+5).
   It affects your dexterity (+4).
   It protects you from fire.
   It protects you from negative energy.
   It causes draining when unequipped.
 l - an uncursed amulet of the gourmand {unknown}
Wands
 s - a wand of digging (11)
Scrolls
 h - 2 scrolls of amnesia
 j - a scroll of fog
 k - 3 scrolls of teleportation
 o - 4 scrolls of enchant weapon
 q - 2 scrolls of remove curse
Potions
 e - a potion of berserk rage
Comestibles
 c - 11 rations
 r - a chunk of flesh


   Skills:
 - Level 3.2 Fighting
 + Level 10.6 Maces & Flails
 - Level 2.4 Dodging
 - Level 2.1 Stealth


You had 7 spell levels left.
You didn't know any spells.
Your spell library was empty.

Dungeon Overview and Level Annotations

Branches:
Dungeon (6/15)             Temple (0/1) D:4

Altars:
Fedhas
Okawaru
Trog
Yredelemnul

Shops:
D:5 ?


Innate Abilities, Weirdness & Mutations

You are resistant to torment.
((Your stone body is resilient. (AC +5)))
You are immune to poison.
You resist negative energy. (rN+)
((You are resistant to electric shocks. (rElec)))
((You can survive without breathing.))
You are immune to petrification.
You are immune to rotting.
((You are partially covered in molten scales. (AC +2)))
You are resistant to hostile enchantments. (MR+)
Potions are less effective at restoring your health.


Message History

Something shocks you. You resist.
* * * LOW HITPOINT WARNING * * *
The hornet stings you but does no damage.
It was a potion of lignification.
You turn into a tree.
Your +0 cloak melds into your body.
Your +0 chain mail melds into your body.
Your roots penetrate the ground.
The bullfrog hits you but does no damage.
The hornet stings you but does no damage.
Something hits you but does no damage.
The bullfrog hits you but does no damage.
You barely miss the hornet.
The hornet is severely wounded.
The hornet stings you but does no damage.
The bullfrog hits you but does no damage.
Something hits you but does no damage.
You miss the hornet.
The hornet is severely wounded.
The hornet stings you.
You die...

#..........
#......(#.# #
#<....##.#.##
##..((..(....
#####..........
..............#
##.###.#(###..#
#.#{# .# #..♣#
##Fy# #..# #..#
#... .... ....
##.#.#


You could see a hornet and a bullfrog.

Vanquished Creatures
  Sigmund (D:3)
  The ghost of Nakatomy the Chopper, an amateur HOBe of Trog (D:4)
  Eustachio (D:5)
  A phantom (D:5)
  An ice beast (D:5)
  A centaur (D:6)
  4 scorpions
  2 hounds
  A gnoll shaman (D:4)
  2 jellies (D:5)
  Jessica (D:2)
  An iguana (D:5)
  A worker ant (D:4)
  5 gnolls
  A howler monkey skeleton (D:4)
  8 adders
  4 worms
  3 dart slugs
  8 leopard geckos
  6 orcs
  3 giant cockroaches
  6 goblins
  9 hobgoblins
  6 quokkas
  2 ball pythons
  5 bats
  3 frilled lizards
  5 kobolds
  A leopard gecko skeleton (D:5)
  12 rats
  A spectral orc (D:5)
106 creatures vanquished.

Notes
Turn   | Place    | Note
-------+----------+-------------------------------------------
     0 | D:1      | Holzbalken the Gargoyle Monk began the quest for the Orb.
     0 | D:1      | Reached XP level 1. HP: 14/14 MP: 1/1
   240 | D:1      | Reached XP level 2. HP: 17/19 MP: 2/2
   937 | D:1      | Found an iron altar of Okawaru.
   951 | D:1      | Became a worshipper of Warmaster Okawaru
   951 | D:1      | Reached * piety under Okawaru
   951 | D:1      | Reached ** piety under Okawaru
   996 | D:1      | Reached skill level 4 in Maces & Flails
  1066 | D:1      | Reached XP level 3. HP: 23/23 MP: 3/3
  1689 | D:2      | Noticed Jessica
  1698 | D:2      | Killed Jessica
  1698 | D:2      | Reached skill level 5 in Maces & Flails
  1698 | D:2      | Reached XP level 4. HP: 26/28 MP: 4/4
  2508 | D:3      | Reached XP level 5. HP: 29/32 MP: 5/5
  2659 | D:3      | Noticed Sigmund
  2711 | D:3      | HP: 1/32 [something (3)]
  2721 | D:3      | Killed Sigmund
  2721 | D:3      | Reached skill level 6 in Maces & Flails
  2721 | D:3      | Reached XP level 6. HP: 6/37 MP: 6/6
  3246 | D:3      | Reached skill level 7 in Maces & Flails
  3631 | D:4      | Found a staircase to the Ecumenical Temple.
  3946 | D:4      | Reached XP level 7. HP: 17/41 MP: 7/7
  3968 | D:4      | Reached *** piety under Okawaru
  3968 | D:4      | Reached skill level 8 in Maces & Flails
  4215 | D:4      | Got a twisted falchion {slice}
  4216 | D:4      | Identified the cursed +2 falchion "Nuzap" {slice, rElec rF+ Dex+3} (You took it off a gnoll shaman on level 4 of the Dungeon)
  4251 | D:4      | Found a blossoming altar of Fedhas.
  4301 | D:4      | Found a runed door.
  4302 | D:4      | Noticed Nakatomy's ghost (amateur HOBe)
  4496 | D:4      | Gained mutation: You are resistant to hostile enchantments. (MR+) [potion of mutation]
  4496 | D:4      | Gained mutation: Potions are less effective at restoring your health. [potion of mutation]
  4496 | D:4      | Gained mutation: You are partially covered in molten scales. (AC +2) [potion of mutation]
  4496 | D:4      | HP: 2/41 [Nakatomy's ghost (4)]
  4501 | D:4      | HP: 2/41 [Nakatomy's ghost (1)]
  4503 | D:4      | Killed Nakatomy's ghost
  4506 | D:4      | Got a clouded copper amulet
  4507 | D:4      | Identified the amulet "Gulodu" {Harm *Drain rF+ rN+ Str+5 Dex+4} (You found it on level 4 of the Dungeon)
  4810 | D:5      | Entered Level 5 of the Dungeon
  4825 | D:5      | Found a basalt altar of Yredelemnul.
  4874 | D:5      | Reached skill level 9 in Maces & Flails
  5004 | D:5      | Found Upru's Magic Scroll Boutique.
  5049 | D:5      | Reached XP level 8. HP: 37/46 MP: 8/8
  5245 | D:5      | Noticed Eustachio
  5281 | D:5      | Killed Eustachio
  5453 | D:5      | Reached skill level 10 in Maces & Flails
  5458 | D:5      | Noticed a moth of wrath
  5461 | D:5      | Found a bloodstained altar of Trog.
  5921 | D:6      | Noticed a hornet
  5934 | D:6      | Slain by a hornet

Vault maps used:
D:1:      eino_arrival_cavern_a, okawaru_ov_weapons_minmay
D:2:      minmay_misc_feat_roman, uniq_jessica
D:3:      uniq_sigmund
D:4:      fedhas_altar_fruit_tree, temple_statues, gammafunk_ghost_grave
D:5:      tgw_trog, yredelemnul_forgotten_temple_becter, first_ration,
          serial_shops, kennysheep_mini, hex_medium, uniq_eustachio
D:6:      gammafunk_temple_overflow_statue, guppyfry_shop_venom

Skill      XL: |  1  2  3  4  5  6  7  8 |
---------------+-------------------------+-----
Maces & Flails | 4 5 6 7 9 10 | 10.6
Fighting       | |  3.2
Dodging        | |  2.4
Stealth        | |  2.1

Action                   |  1- 3 |  4- 6 |  7- 9 || total
-------------------------+-------+-------+-------++-------
Melee: Mace              |    91 |   198 |   121 ||   410
       Flail             |       |    54 |    10 ||    64
       Falchion          |       |       |    49 ||    49
 Fire: Hunting sling     |       |    10 |       ||    10
  Use: Scroll            |     3 |     6 |     1 ||    10
       Potion            |       |     1 |     4 ||     5
 Stab: Sleeping          |     5 |     1 |       ||     6
  Eat: Chunk             |     2 |     8 |     3 ||    13
       Ration            |       |       |     1 ||     1
Armor: Robe              |    13 |       |       ||    13
       Leather armour    |    32 |    20 |       ||    52
       Chain mail        |       |   178 |   123 ||   301
       Skin              |       |       |     7 ||     7
Dodge: Dodged            |    72 |   112 |    69 ||   253
       Rpst.: Falchion   |       |       |     9 ||     9

Table legend:
 A = Spawn XP
 B = Non-spawn XP
 C = Spawn XP percentage of total XP
 D = Spawn monster count
 E = Non-spawn monster count
 F = Spawn count percentage of total count
 G = Total turns spent on level
                    A         B        C        D         E        F      G
               +---------+---------+-------+---------+---------+-------+---------
         Total |       0 |    1923 |   0.0 |       0 |     106 |   0.0 |  5934
               +---------+---------+-------+---------+---------+-------+---------
           D:1 |       0 |      34 |   0.0 |       0 |      18 |   0.0 |  1186
           D:2 |       0 |     103 |   0.0 |       0 |      23 |   0.0 |  1148
           D:3 |       0 |     333 |   0.0 |       0 |      20 |   0.0 |  1149
           D:4 |       0 |     535 |   0.0 |       0 |      18 |   0.0 |  1327
           D:5 |       0 |     808 |   0.0 |       0 |      26 |   0.0 |  1104
           D:6 |       0 |     110 |   0.0 |       0 |       1 |   0.0 |    20
               +---------+---------+-------+---------+---------+-------+---------
